 Dungeon Crawl Stone Soup version 0.28.0 (webtiles) character file.

Game seed: 12303505635624934739

16 Prodoman the Magician (level 2, -13/19 HPs)
             Began as a Demonspawn Hedge Wizard on Feb 4, 2022.
             Was an Initiate of Makhleb.
             Mangled by Robin (20 damage)
             ... on level 2 of the Dungeon.
             The game lasted 00:03:53 (1370 turns).

Prodoman the Magician (Demonspawn Hedge Wizard)     Turns: 1370, Time: 00:03:53

Health: -13/19     AC:  2    Str: 10    XL:     2   Next: 37%
Magic:  0/6        EV: 12    Int: 15    God:    Makhleb [......]
Gold:   53         SH:  0    Dex: 12    Spells: 6/7 levels left

rFire   . . .      SeeInvis .   h - +0 quarterstaff
rCold   . . .      Faith    .   (shield currently unavailable)
rNeg    . . .      Spirit   .   b - +0 robe
rPois   .          Reflect  .   c - +0 hat
rElec   .          Harm     .   (no cloak)
rCorr   .          Rampage  .   (no gloves)
Will    .....                   (no boots)
Stlth   ++........              (no amulet)
HPRegen 0.06/turn               (no ring)
MPRegen 0.10/turn               (no ring)

@: very slightly contaminated
A: hooves 1
a: Renounce Religion


You were on level 2 of the Dungeon.
You worshipped Makhleb.
Makhleb was noncommittal.
You visited 1 branch of the dungeon, and saw 2 of its levels.

You collected 53 gold pieces.

Inventory:

Hand Weapons
 a - a +0 dagger
 h - a +0 quarterstaff (weapon)
Armour
 b - a +0 robe (worn)
 c - a +0 hat (worn)
Scrolls
 d - a scroll of holy word {unknown}
 e - a scroll of identify {unknown}
 f - a scroll of immolation {unknown}
 g - 3 scrolls of torment {unknown}


   Skills:
 + Level 0.1 Staves
 + Level 1.9 Dodging
 - Level 1.8 Stealth
 * Level 3.2 Spellcasting
 + Level 1.2 Conjurations
 + Level 1.2 Summonings
 - Level 1.0 Translocations
 - Level 0.2 Invocations


You had 6 spell levels left.
You knew the following spells:

 Your Spells              Type           Power      Damage    Failure   Level
a - Magic Dart            Conj           24%        1d4       12%         1

Your spell library contained the following spells:

 Spells                   Type           Power      Damage    Failure   Level
 Blink                    Tloc           10%        N/A       19%         2
 Call Imp                 Summ           6%         N/A       19%         2
 Slow                     Hex            8%         N/A       21%         1
 Sting                    Tmut/Pois      8%         1d3       21%         1
 Poisonous Vapours        Pois/Air       4%         N/A       30%         2
 Conjure Flame            Conj/Fire      4%         6-21      41%         3
 Mephitic Cloud           Conj/Pois/Air  3%         N/A       45%         3
 Confusing Touch          Hex            2%         N/A       52%         3
 Vampiric Draining        Necr           2%         2d6       52%         3
 Olgreb's Toxic Radiance  Pois           2%         N/A       89%         4


Dungeon Overview and Level Annotations

Branches:
Dungeon (2/15)

Altars:
Makhleb

Annotations:
D:2 Robin


Innate Abilities, Weirdness & Mutations

You have large cloven feet.


Message History

Aim: Robin, wielding a +1 whip of electrocution, wearing a +0 animal skin and wearing a +0 helmet (100% to hit)
You miscast Magic Dart.
Nothing appears to happen.
The goblin barely misses you.
Casting: Magic Dart (safe; 12% risk of failure)
Confirm with . or Enter, or press ? or * to list all spells.
Aiming: Magic Dart (safe; 12% risk of failure)
Press: ? - help, Shift-Dir - straight line, f/p - Robin
Aim: Robin, wielding a +1 whip of electrocution, wearing a +0 animal skin and wearing a +0 helmet (100% to hit)
The magic dart hits Robin but does no damage.
The goblin hits you with a +0 dagger. The goblin completely misses you.
Hit: h) +0 quarterstaff
Press: ? - help, Dir - move target, f - goblin
Aim: a goblin, wielding a +0 dagger and quivering stones (about 50% to evade your +0 quarterstaff)
You hit the goblin.
The goblin is almost dead.
The goblin barely misses you. x2
Hit: h) +0 quarterstaff
Press: ? - help, Dir - move target, f/p - goblin
Aim: a goblin, wielding a +0 dagger and quivering stones (almost dead, about 50% to evade your +0 quarterstaff)
You closely miss the goblin. Your kick misses the goblin.
The goblin is almost dead.
The goblin hits you but does no damage.
Hit: h) +0 quarterstaff
Press: ? - help, Dir - move target, f/p - goblin
Aim: a goblin, wielding a +0 dagger and quivering stones (almost dead, about 50% to evade your +0 quarterstaff)
You miss the goblin. Your kick misses the goblin.
The goblin is almost dead.
The goblin hits you with a +0 dagger.
Hit: h) +0 quarterstaff
Press: ? - help, Dir - move target, f/p - goblin
Aim: a goblin, wielding a +0 dagger and quivering stones (almost dead, about 50% to evade your +0 quarterstaff)
You closely miss the goblin.
The goblin is almost dead.
Robin throws the goblin at you! The goblin hits you with a +0 dagger.
A goblin comes into view. It is wielding a +0 dagger.
Robin hits you with a +1 whip of electrocution.
You are electrocuted!!
Ouch! That really hurt!
You die...

....(..### .#
..g.....##. <..
#g.>...... ....
#........ .....
.....)###...#
.....#.....## #†.##.#..#
#.#####
#g.#.....###.....<
..(####@................
......g.##<..###.#......
........###..# ........
...†....# #..###.#......
..†###### #......#......
.. #.######...... . #.#
##.#### #.# ####.####
#.####....##..


You could see Robin and 2 goblins.

Vanquished Creatures
  2 giant cockroaches
  3 hobgoblins
  2 quokkas
  2 ball pythons (D:2)
  3 frilled lizards
  2 goblins (D:1)
  A kobold (D:1)
15 creatures vanquished.

Notes
Turn   | Place    | Note
-------+----------+-------------------------------------------
     0 | D:1      | Prodoman the Demonspawn Hedge Wizard began the quest for
                  | the Orb.
     0 | D:1      | Reached XP level 1. HP: 13/13 MP: 4/4
    85 | D:1      | Found a burning altar of Makhleb.
    91 | D:1      | Became a worshipper of Makhleb the Destroyer
   380 | D:1      | Reached skill level 1 in Translocations
   823 | D:1      | Gained mutation: You have large cloven feet. [demonic
                  | ancestry]
   823 | D:1      | Reached XP level 2. HP: 19/19 MP: 4/6
  1362 | D:2      | Noticed Robin
  1370 | D:2      | Mangled by Robin

Illustrated notes

Levels and vault maps discovered:
D:1:      minmay_arrival_split_and_join, layout_basic, kennysheep_flooded_box
D:2:      layout_loops_cross, corexii_shack, hangedman_decor_clover_reticule,
          uniq_robin

Skill      XL: |  1 |
---------------+----+-----
Translocations | 1 |  1.0
Staves         | |  0.1
Dodging        | |  1.9
Stealth        | |  1.8
Spellcasting   | |  3.2
Conjurations   | |  1.2
Summonings     | |  1.2
Invocations    | |  0.2

Action                   || total
-------------------------++-------
Melee: Dagger            ||    18
       Quarterstaff      ||     6
 Cast: Magic Dart        ||    35
Armor: Robe              ||     5
Dodge: Dodged            ||    26
